 Dungeon Crawl Stone Soup version 0.21.1-1-g345015f (webtiles) character file.

22 inc the Shield-Bearer (level 2, -3/21 HPs)
             Began as an Octopode Fighter on Apr 25, 2018.
             Slain by a worm (9 damage)
             ... on level 1 of the Dungeon.
             The game lasted 00:01:21 (862 turns).

inc the Shield-Bearer (Octopode Fighter)             Turns: 862, Time: 00:01:22

Health: -3/21      AC:  1    Str: 15    XL:     2   Next: 91%
Magic:  2/2        EV: 11    Int: 10    God:
Gold:   89         SH:  8    Dex: 11    Spells: 1/1 levels left

rFire    . . .     SeeInvis .   a - +0 flail
rCold    . . .     Gourm    .   b - +0 shield
rNeg     . . .     Faith    .   (helmet restricted)
rPois    .         Spirit   .   (no amulet)
rElec    .         Reflect  .   (no ring)
rCorr    .         Harm     .   (no ring)
MR       .....                  (no ring)
Stlth    ++........             (no ring)
HPRegen  0.07/turn              (no ring)
MPRegen  0.08/turn              (no ring)
                                (no ring)
                                (no ring)

@: drained
A: almost no armour, stealthy swim, amphibious, 8 rings, constrict 8, camouflage
1, gelatinous body 1
a: no special abilities


You were on level 1 of the Dungeon.
You were not hungry.

You visited 1 branch of the dungeon, and saw 2 of its levels.

You collected 89 gold pieces.

Inventory:

Hand Weapons
 a - a +0 flail (weapon)
Armour
 b - a +0 shield (worn)
Scrolls
 f - a scroll of enchant armour {unknown}
 g - a scroll of identify {unknown}
 h - 2 scrolls of teleportation {unknown}
 i - a scroll of blinking {unknown}
 k - 2 scrolls of remove curse {unknown}
 l - a scroll of noise {unknown}
Potions
 c - a potion of might
 e - a potion of mutation {unknown}
 j - a potion of berserk rage {unknown}
Comestibles
 d - a ration


   Skills:
 - Level 3.0(2.5) Fighting
 + Level 2.7(2.2) Maces & Flails
 - Level 3.0(2.5) Dodging
 + Level 3.5(3.0) Shields


You had one spell level left.
You didn't know any spells.

Dungeon Overview and Level Annotations

Branches:
Dungeon (2/15)

Altars:

Annotations:
D:2 Jessica


Innate Abilities, Weirdness & Mutations

You cannot wear most types of armour.
You are very stealthy in the water. (Stealth+)
You are amphibious.
You can wear up to eight rings at the same time.
You can use your tentacles to constrict eight enemies at once.
Your skin changes colour to match your surroundings (Stealth+).
Your rubbery body absorbs attacks. (AC +1, EV +1)


Message History

The worm is lightly wounded.
You constrict the worm.
The kobold hits you with a whip of draining.
You feel drained. The worm bites you!
* * * LOW HITPOINT WARNING * * *
You are too injured to fight recklessly!
You are too injured to fight recklessly!
You are too injured to fight recklessly!
You are too injured to fight recklessly!
You are too injured to fight recklessly!
You are too injured to fight recklessly!
You are too injured to fight recklessly!
Unknown command.
You thump the kobold!
You kill the kobold!
You constrict the worm. The worm completely misses you.
You sock the worm!
The worm is severely wounded.
You constrict the worm. The worm bites you!
You die...

♣P.....P♣#
♣.......##########
#...§..≈♣#.......#
♣.......♣#######.#
♣P.....P# #.#
#PP...#PP# #.#
♣♣PP.P#♣♣# #.#
####.###########)#
........(..[...w@#
.###.##...########
.# #.##...# .#
#)##...# ##
#)##...# #(##...#
#.##...# #.######
####.#


You could see a worm.

Vanquished Creatures
  A dart slug (D:1)
  3 leopard geckos (D:1)
  3 goblins (D:1)
  A hobgoblin (D:1)
  A bat (D:1)
  6 kobolds (D:1)
  2 rats (D:1)
17 creatures vanquished.

Vanquished Creatures (others)
  A plant (D:1)
1 creature vanquished.

Grand Total: 18 creatures vanquished

Notes
Turn   | Place    | Note
-------+----------+-------------------------------------------
     0 | D:1      | inc the Octopode Fighter began the quest for the Orb.
     0 | D:1      | Reached XP level 1. HP: 16/16 MP: 1/1
     0 | D:1      | Noticed a minotaur
     3 | D:1      | Noticed a ghoul
     6 | D:1      | Noticed a felid
     9 | D:1      | Noticed a troll
    14 | D:1      | Noticed a gargoyle
    14 | D:1      | Noticed an octopode
    17 | D:1      | Noticed a naga
    18 | D:1      | Noticed a felid
    18 | D:1      | Noticed a spriggan
    21 | D:1      | Noticed a formicid
    25 | D:1      | Noticed a ghoul
   145 | D:1      | Reached XP level 2. HP: 8/21 MP: 2/2
   856 | D:2      | Noticed Jessica
   862 | D:1      | Slain by a worm

Action                   || total
-------------------------++-------
Melee: Flail             ||    38
       Constrict         ||    13
       Tentacles         ||     6
 Stab: Sleeping          ||     1
Armor: Skin              ||     1
Dodge: Dodged            ||    12
Block: Shield            ||    11
